 Dungeon Crawl Stone Soup version 0.30-a0-458-g86641cc (webtiles) character file.

Game seed: 8564706666542381362

1496784 yakattack the Warrior (level 27, 188/188 HPs)
             Began as a Tengu Air Elementalist on Dec 11, 2022.
             Was the Champion of Ashenzari.
             Escaped with the Orb
             ... and 3 runes on Dec 14, 2022!
             The game lasted 04:25:41 (89682 turns).

yakattack the Warrior (Tengu Air Elementalist)     Turns: 89682, Time: 04:25:42

Health: 188/188    AC: 31    Str: 19    XL:     27
Magic:  42/42      EV: 26    Int: 19    God:    Ashenzari [******]
Gold:   3683       SH: 30    Dex: 17    Spells: 1/54 levels left

rFire   + . .      SeeInvis +    y - +9 demon trident "Gaze Upon Infinity" {drain, Fort, Alch} (curse)
rCold   + . .      Faith    .    R - +8 tower shield of the Shackled Sage {rC+, Fort, Elem} (curse)
rNeg    + + .      Spirit   .    p - +8 chain mail of the Fated Jealousy {Will+, Cun, Fort} (curse)
rPois   +          Reflect  .    V - +2 hat "Secrets of Ashenzari" {Comp, Self} (curse)
rElec   +          Harm     .    n - scarf of the Revealing Heavens {rC+ rF+, Evo, Range} (curse)
rCorr   .          Rampage  .    U - +1 pair of gloves "Gloom of Ashenzari" {rC- Regen+ Str+7, Comp, Self} (curse)
Will    ++++.      Clarity  +    (boots unavailable)
Stlth   ..........               D - amulet "All-seeing Omen" {Regen+, Bglg, Range} (curse)
HPRegen 2.11/turn                f - ring of Supernal Gnosis {Will+, Cun, Fort} (curse)
MPRegen 0.28/turn                r - ring "Shackled Unpleasantness" {rElec rPois rN++ EV+4 Str-3, Fort, Cun} (curse)

@: flying quickly and evasively, studying 2 skills, quick
A: beak, talons 3, nimble flight, dopey 1, mutation resistance 1, shaggy fur 1,
inability to read after injury 1
0: Orb of Zot
}: 3/15 runes: decaying, serpentine, silver
a: Renounce Religion, Shatter the Chains


You escaped.
You worshipped Ashenzari.
Ashenzari was exalted by your worship.
You visited 10 branches of the dungeon, and saw 48 of its levels.
You also visited: Gauntlet, Ice Cave, Wizlab and Desolation.

You collected 7956 gold pieces.
You spent 4273 gold pieces at shops.

Inventory:

Hand Weapons
 y - the cursed +9 demon trident "Gaze Upon Infinity" (weapon) {drain, Fort, Alch}
   (You took it off Urug on level 4 of the Lair of Beasts)

   A truly terrible weapon, it drains the life of any living foe it strikes.
   It has a curse which improves the following skills: Fortitude: Armour and
   Shields.
   Alchemy:   Poison Magic and Transmutations.
Missiles
 i - 5 throwing nets
 l - 97 poisoned darts (quivered)
 T - 6 silver javelins
Armour
 n - the cursed scarf of the Revealing Heavens (worn) {rC+ rF+, Evo, Range}
   (You found it on level 2 of the Dungeon)

   It has a curse which improves the following skills: Evocations: Evocations.
   Ranged Combat: Ranged Weapons and Throwing.
 p - the cursed +8 chain mail of the Fated Jealousy (worn) {Will+, Cun, Fort}
   (You found it on level 5 of the Lair of Beasts)

   It has a curse which improves the following skills: Cunning: Dodging and
   Stealth.
   Fortitude: Armour and Shields.
 B - the +3 pair of gauntlets of War {Slay+5}
   (You found it in an ice cave)

   Slay:      It affects your accuracy & damage with ranged weapons and melee
   (+5).
 I - a +1 kite shield of protection
 R - the cursed +8 tower shield of the Shackled Sage (worn) {rC+, Fort, Elem}
   (You found it on level 5 of the Lair of Beasts)

   It has a curse which improves the following skills: Fortitude: Armour and
   Shields.
   Elements:  Fire Magic, Ice Magic, Air Magic and Earth Magic.
 U - the cursed +1 pair of gloves "Gloom of Ashenzari" (worn) {rC- Regen+ Str+7, Comp, Self}
   (You acquired it on level 6 of the Dungeon)

   Str:       It affects your strength (+7).
   rC:        It makes you vulnerable to cold.
   Regen:     It increases your rate of health regeneration.
   It has a curse which improves the following skills: Companions: Summonings
   and Necromancy.
   Introspection: Fighting and Spellcasting.
 V - the cursed +2 hat "Secrets of Ashenzari" (worn) {Comp, Self}
   (You bought it in a shop on level 5 of the Dungeon)

   It has a curse which improves the following skills: Companions: Summonings
   and Necromancy.
   Introspection: Fighting and Spellcasting.
Jewellery
 f - the cursed ring of Supernal Gnosis (left hand) {Will+, Cun, Fort}
   (You bought it in a shop on level 2 of the Snake Pit)

   [ring of willpower]

   Will:      It increases your willpower.
   It has a curse which improves the following skills: Cunning: Dodging and
   Stealth.
   Fortitude: Armour and Shields.
 r - the cursed ring "Shackled Unpleasantness" (right hand) {rElec rPois rN++ EV+4 Str-3, Fort, Cun}
   (You found it in a Gauntlet)

   [ring of evasion]

   EV:        It affects your evasion (+4).
   Str:       It affects your strength (-3).
   rElec:     It insulates you from electricity.
   rPois:     It protects you from poison.
   rN:        It greatly protects you from negative energy.
   It has a curse which improves the following skills: Fortitude: Armour and
   Shields.
   Cunning:   Dodging and Stealth.
 D - the cursed amulet "All-seeing Omen" (around neck) {Regen+, Bglg, Range}
   (You found it on level 7 of the Dungeon)

   [amulet of regeneration]

   Regen:     It increases your rate of health regeneration.
   It has a curse which improves the following skills: Beguiling: Conjurations,
   Hexes and Translocations.
   Ranged Combat: Ranged Weapons and Throwing.
 O - the macabre finger necklace {rN+}
   (You found it on level 4 of the Swamp)

   [amulet of nothing]

   It enables you to equip an extra ring.
   rN:        It protects you from negative energy.
Wands
 m - a wand of iceblast (30)
 v - a wand of digging (3)
 G - a wand of polymorph (40)
 H - a wand of paralysis (24)
 S - a wand of light (24)
 Z - a wand of mindburst (5)
Scrolls
 a - 8 scrolls of immolation
 c - 3 scrolls of torment
 g - 11 scrolls of fog
 u - 10 scrolls of amnesia
 w - a scroll of silence
 x - 9 scrolls of teleportation
 L - 8 scrolls of poison
 N - a scroll of fear
 P - 7 scrolls of blinking
 Q - 10 scrolls of vulnerability
 W - 3 scrolls of summoning
Potions
 b - 5 potions of magic
 d - 9 potions of attraction
 e - 5 potions of might
 q - 7 potions of invisibility
 t - 4 potions of haste
 z - 2 potions of cancellation
 A - 13 potions of brilliance
 C - 9 potions of lignification
 F - 15 potions of heal wounds
 J - 18 potions of curing
 K - 6 potions of berserk rage
 M - 2 potions of resistance
 Y - 7 potions of mutation
Miscellaneous
 h - a box of beasts
 j - a phial of floods
 k - a lightning rod (4/4)
 o - a condenser vane
 s - a phantom mirror
 E - a tin of tremorstones (2/2) {+f+f}


   Skills:
 * Level 19.9(23.5) Fighting
 - Level 6.2 Maces & Flails
 - Level 11.7 Polearms
 - Level 5.2(9.0) Ranged Weapons
 - Level 17.6(24.6) Armour
 - Level 17.8(22.7) Dodging
 - Level 2.0(5.5) Stealth
 - Level 12.0(19.2) Shields
 - Level 10.5(14.4) Spellcasting
 - Level 2.0(4.0) Conjurations
 - Level 3.9(6.3) Hexes
 - Level 19.4(23.0) Summonings
 - Level 18.1(21.8) Necromancy
 - Level 5.4(8.0) Ice Magic
 - Level 14.0(16.5) Air Magic
 - Level 7.0(9.7) Earth Magic
 + Level 14.6 Invocations
 - Level 17.0(19.4) Evocations


You had one spell level left.
You knew the following spells:

 Your Spells              Type           Power      Damage    Failure   Level
a - Frozen Ramparts       Ice            88%        1d14      4%          3
d - Haunt                 Necr/Summ      39%        N/A       3%          7
q - Borgnjor's Vile Clut  Necr/Erth      32%        N/A       1%          5
s - Summon Cactus Giant   Summ           39%        N/A       1%          6
v - Death Channel         Necr           38%        N/A       1%          6
w - Airstrike             Air            33%        2d(5-21)  1%          4
x - Sublimation of Blood  Necr           77%        N/A       0%          2
I - Static Discharge      Conj/Air       100%       2-7/arc   1%          2
O - Vampiric Draining     Necr           77%        2d11      0%          3
P - Swiftness             Air            67%        N/A       1%          3
Q - Shock                 Conj/Air       100%       1d9       1%          1
U - Dispel Undead         Necr           77%        3d25      1%          4
X - Silence               Hex/Air        27%        N/A       9%          5
Y - Passwall              Tmut/Erth      26%        N/A       7%          2

Your spell library contained the following spells:

 Spells                   Type           Power      Damage    Failure   Level
 Necrotise                Necr           100%       1d9       0%          1
 Summon Small Mammal      Summ           100%       N/A       0%          1
 Freeze                   Ice            100%       1d10      1%          1
 Slow                     Hex            100%       N/A       2%          1
 Apportation              Tloc           30%        N/A       30%         1
 Beastly Appendage        Tmut           30%        N/A       30%         1
 Sting                    Tmut/Pois      60%        1d6       30%         1
 Call Canine Familiar     Summ           79%        N/A       0%          3
 Summon Guardian Golem    Hex/Summ       62%        N/A       1%          3
 Animate Dead             Necr           77%        N/A       1%          4
 Summon Ice Beast         Ice/Summ       64%        N/A       1%          4
 Ensorcelled Hibernation  Hex/Ice        82%        N/A       2%          2
 Summon Hydra             Summ           39%        N/A       2%          7
 Confusing Touch          Hex            37%        N/A       8%          3
 Tukima's Dance           Hex            37%        N/A       8%          3
 Hailstorm                Conj/Ice       36%        3d9       9%          3
 Summon Forest            Summ/Tloc      27%        N/A       9%          5
 Kindle Blastsparks       Fire/Tloc/Air  70%        2d15      10%         3
 Simulacrum               Ice/Necr       31%        N/A       12%         6
 Leda's Liquefaction      Hex/Erth       22%        N/A       13%         4
 Arcjolt                  Conj/Air       25%        1d35      14%         5
 Lee's Rapid Deconstruct  Erth           25%        3d14*     19%         5
 Summon Horrible Things   Summ           39%        N/A       19%         8
 Freezing Cloud           Conj/Ice/Air   24%        6-21      21%         5
 Momentum Strike          Conj/Tloc      42%        3d9       22%         2
 Portal Projectile        Hex/Tloc       52%        N/A       26%         3
 Infestation              Necr           38%        N/A       30%         8
 Fulminant Prism          Conj/Hex       16%        3d11      38%         4
 Scorch                   Fire           28%        2d6       43%         2
 Wereblood                Tmut           15%        N/A       43%         2
 Conjure Ball Lightning   Conj/Air       25%        3x3d8     63%         6
 Ignite Poison            Fire/Tmut/Pois 15%        N/A       67%         3
 Spider Form              Tmut/Pois      15%        N/A       67%         3
 Spellforged Servitor     Conj/Summ      30%        N/A       75%         7
 Flame Wave               Conj/Fire      21%        2d8       82%         4
 Iskenderun's Mystic Bla  Conj/Tloc      21%        2d6       82%         4
 Sticky Flame             Conj/Fire      21%        2d4       82%         4
 Iskenderun's Battlesphe  Conj           28%        2d8       88%         5
 Malign Gateway           Summ/Tloc      27%        N/A       94%         7
 Maxwell's Capacitive Co  Air            33%        ∞         95%         8
 Olgreb's Toxic Radiance  Pois           15%        N/A       97%         4
 Passage of Golubria      Tloc           15%        N/A       97%         4
 Iron Shot                Conj/Erth      19%        9d4       97%         6
 Fireball                 Conj/Fire      10%        3d6       99%         5
 Irradiate                Conj/Tmut      10%        3d15      99%         5
 Death's Door             Necr           38%        N/A       99%         9
 Alistair's Intoxication  Tmut/Pois      10%        N/A       100%        5
 Blade Hands              Tmut           7%         N/A       100%        5
 Eringya's Noxious Bog    Tmut/Pois      7%         N/A       100%        6
 Starburst                Conj/Fire      10%        6d5       100%        6
 Dragon Form              Tmut           7%         N/A       100%        7
 Orb of Destruction       Conj           14%        9d7       100%        7
 Ozocubu's Refrigeration  Ice            22%        4d12      100%        7
 Ignition                 Fire           7%         3d4       100%        8
 Lehudib's Crystal Spear  Conj/Erth      19%        10d6      100%        8
 Chain Lightning          Conj/Air       25%        3d34      100%        9
 Fire Storm               Conj/Fire      10%        8d3       100%        9
 Polar Vortex             Ice            22%        N/A       100%        9
 Shatter                  Erth           25%        3d21*     100%        9


Dungeon Overview and Level Annotations

Branches:
Dungeon (15/15)            Temple (1/1) D:5            Lair (5/5) D:11
  Swamp (4/4) Lair:3        Snake (4/4) Lair:2        Slime (0/5) Lair:5
    Orc (2/2) D:11            Elf (3/3) Orc:2        Vaults (5/5) D:14
  Crypt (0/3) Vaults:2     Depths (4/4) D:15            Zot (5/5) Depths:4
  IceCv (visited)          WizLab (visited)         Desolation (visited)
Gauntlet (visited)

Altars:
Ashenzari
Cheibriados
Dithmenos
Elyvilon
Fedhas
Gozag
Hepliaklqana
Kikubaaqudgha
Makhleb
Nemelex Xobeh
Okawaru
Qazlal
Ru
Sif Muna
Trog
Uskayaw
Vehumet
Wu Jian
Xom
Yredelemnul
Zin
The Shining One
Jiyva
Lugonu

Shops:
D:1 :   D:2 :   D:3 (=   D:5 *[   D:6 :   Orc:2 ((*!**[   Elf:1 [   Snake:1 ([
Snake:2 *(!*=   Vaults:2 (   Vaults:4 [:*=   Depths:2 =[*

Portals:
Hell: Depths:1 Depths:2 Depths:3 Depths:4
Abyss: Depths:3
Pandemonium: Depths:1 Depths:2
Ziggurat: Depths:4

Annotations:
D:4 exclusion: downstairs
D:10 Fannar
Swamp:2 1 runed translucent door
Elf:1 1 runed translucent door


Innate Abilities, Weirdness & Mutations

You have a beak for a mouth.
You have claws for feet.
Your magical nature lets you fly swiftly and evasively.
You are dopey. (Int -2)
You are somewhat resistant to further mutation.
You are covered in fur. (AC +1)
You occasionally lose the ability to read scrolls when taking damage.


Message History

You block the poison arrow. The green death gestures at you.
The blast of poison misses you. The green death gestures at you.
The blast of poison misses you. The green death gestures at you.
There is a stone staircase leading up here.
You fly upwards.
Level annotation: exclusion: downstairs
There is a stone staircase leading down here.
(D) Dungeon (T) Temple (L) Lair (S) Swamp (P) Snake Pit (M) Slime Pits (O) Orcish Mines (E) Elven Halls (V) Vaults (C) Crypt (U) Depths (H) Hell (Z) Zot
Where to? (Enter - D:1 @ (x,y), ? - help)
There is an open door here.
There is a stone staircase leading up here.
You fly upwards.
There is a stone staircase leading down here.
You sense a monster nearby.
Things that are here:
a +0 chain mail; a +3 hand axe
There is a stone staircase leading up here.
You fly upwards.
There is a stone staircase leading down here.
(D) Dungeon (T) Temple (L) Lair (S) Swamp (P) Snake Pit (M) Slime Pits (O) Orcish Mines (E) Elven Halls (V) Vaults (C) Crypt (U) Depths (H) Hell (Z) Zot
Where to? (Enter - D:1 @ (x,y), ? - help)
There is an open door here.
There is a stone staircase leading up here.
You fly upwards.
There is a stone staircase leading down here.
A green death comes into view.
The green death roars!
There is an open door here.
A green death is nearby!
There is a staircase leading out of the dungeon here.
You have escaped!

...## #..#.# #..## #..##..##.##
#>.#####.#.######..###..###.##.#
##............####..#...# #.##.#
######.....##.....>...#.# #..#.#
...###############......####...##
...#⌠.....⌠.≈≈≈≈⌠#.#.#......##..#
...#.........≈≈≈≈#.#.##.###..#...
...#..........≈≈≈#.#.#..# ##.....
...#>..##...##..@#...#..# ##.....
...#...##...##...##.....# #......
...#....2........##..#..###......
##########2########......).......
#####...............###.###......
......####.........## #.# #......
####### ####......# #.# ##.....
#......# #.# #...... ########
#.###......


You could see a green death.

Vanquished Creatures
  3 dread liches
  An ancient lich (Zot:5)
  4 orbs of fire (Zot:5)
  2 juggernauts
  Boris (twice) (Vaults:2 Vaults:4)
  A Killer Klown (Zot:5)
  Bai Suzhen (Swamp:2)
  3 caustic shrikes (Depths:3)
  9 golden dragons
  15 tentacled monstrosities
  An electric golem (Zot:5)
  Mlioglotl (Swamp:4)
  A Hell Sentinel (Depths:4)
  A walking crystal tome (Depths:3)
  23 Orb Guardians
  Rupert (D:12)
  2 deep elf blademasters (Elf:3)
  A lich (Depths:1)
  The ghost of Lief the Gelid, an adept KoIE of Vehumet (Snake:2)
  11 titans
  A deep elf master archer (Elf:3)
  4 quicksilver dragons
  5 sphinxes
  2 walking frostbound tomes
  8 death cobs
  Donald (Swamp:3)
  9 shadow dragons
  5 thorn hunters
  8 tengu reavers
  8 storm dragons
  2 draconian monks
  8 nagarajas
  3 fenstrider witches (Swamp:2)
  An imperial myrmidon (Desolation)
  10 fire giants
  2 draconian knights
  3 balrugs
  2 draconian scorchers
  10 frost giants
  15 deep elf sorcerers
  7 draconian shifters
  11 vault wardens
  Aizul (Lair:3)
  2 orc warlords
  2 iron dragons
  A juggernaut zombie (WizLab)
  20 ironbound preservers
  2 ghost moths (Zot:5)
  An angel (Vaults:4)
  A draconian stormcaller (Zot:5)
  2 draconian annihilators
  A ghost moth (shapeshifter) (Vaults:5)
  4 deep elf elementalists (Elf:3)
  4 war gargoyles
  A caustic shrike skeleton (D:15)
  4 ironbound thunderhulks
  34 very ugly things
  6 deep elf demonologists
  A hydra skeleton (Swamp:4)
  23 stone giants
  7 green draconians
  5 vampire knights
  5 deep elf annihilators
  Azrael (Elf:1)
  Nessos (Lair:3)
  7 yellow draconians
  8 black draconians
  3 halazid warlocks (Desolation)
  3 eleionomae
  14 spark wasps
  14 dire elephants
  A minotaur (Gauntlet)
  12 purple draconians
  9 red draconians
  9 white draconians
  The ghost of porkupine the Cleaver, a journeyman MiHu of Yredelemnul (D:11)
  2 pale draconians (Depths:4)
  2 bunyips (Swamp:2)
  8 fire dragons
  4 deep elf death magi (Elf:3)
  2 shambling mangroves
  20 ettins
  4 crystal guardians
  Josephine (Snake:1)
  4 deep elf high priests
  2 entropy weavers
  A mummy priest (WizLab)
  8 yaktaur captains
  A ragged hierophant (Desolation)
  4 rakshasas
  4 great orbs of eyes
  A hell beast (Depths:4)
  12 hydras
  32 vault guards
  2 servants of whispers (Desolation)
  2 salamander tyrants (Snake:4)
  A hydra (shapeshifter) (Depths:4)
  3 ghost crabs
  10 ice dragons
  5 peacekeepers
  A spriggan air mage (Depths:3)
  3 catoblepae
  4 ogre magi
  6 anacondas
  13 ironbound frosthearts
  9 centaur warriors
  2 death knights (Vaults:2)
  13 two-headed ogres
  2 boulder beetles (D:13)
  3 alligators
  8 death yaks
  16 naga warriors
  Urug (Lair:4)
  13 deep troll shamans
  A two-headed ogre (shapeshifter) (Vaults:3)
  2 tengu warriors (Depths:1)
  A vampire mage (D:15)
  4 orc high priests
  10 deep troll earth magi
  32 dancing weapons
  7 sun demons
  A spriggan berserker (Depths:2)
  8 shock serpents
  18 naga sharpshooters
  19 deep elf knights
  31 hell knights
  4 goliath frogs
  3 skeletal warriors
  5 death drakes
  57 deep trolls
  5 salamander mystics
  Lodul (D:12)
  12 iron trolls
  11 swamp dragons
  4 glowing orange brains
  A flayed ghost (Swamp:4)
  16 deep elf archers
  6 spriggan druids
  2 obsidian statues
  5 bog bodies
  3 spectral hydras (Swamp:4)
  Pikel (D:5)
  6 naga ritualists
  8 wizards
  13 harpies
  20 ironbound convokers
  10 orc knights
  7 lindwurms
  44 ugly things
  6 phantasmal warriors
  8 necromancers
  3 oklob plants (Swamp:4)
  29 deep elf pyromancers
  27 deep elf zephyrmancers
  A stone giant zombie (WizLab)
  6 orc sorcerers
  A frost giant zombie (Depths:1)
  11 cyclopes
  4 will-o-the-wisps
  11 mana vipers
  14 moths of wrath
  A tengu skeleton (Depths:1)
  2 human zombies (WizLab)
  A sphinx skeleton (D:15)
  A manticore (D:11)
  5 guardian serpents
  21 salamanders
  A stone giant skeleton (Depths:1)
  36 black mambas
  A nameless horror (Desolation)
  Joseph (D:7)
  14 vault sentinels
  A smoke demon (Depths:4)
  14 elephants
  2 ice statues
  2 centaur skeletons (D:14)
  25 naga magi
  Maggie (D:8)
  A yaktaur zombie (WizLab)
  11 cane toads
  2 unseen horrors (D:10)
  2 gargoyles (D:10)
  34 yaktaurs
  An efreet (D:15)
  8 komodo dragons
  2 rime drakes
  A golden dragon simulacrum (IceCv)
  4 kobold demonologists
  3 hydra zombies (Swamp:4)
  3 freezing wraiths
  2 hellwings (Depths:1)
  6 tengu conjurers
  5 trolls
  A troll (shapeshifter) (D:13)
  4 meliai
  10 hornets
  3 polar bears
  3 death drake zombies (Swamp:4)
  7 tyrant leeches
  A tarantella (shapeshifter) (Vaults:1)
  A harpy skeleton (D:14)
  23 saltlings (Desolation)
  18 blink frogs
  4 ettin zombies
  A deep troll zombie (WizLab)
  5 spriggan zombies (WizLab)
  4 dream sheep (Lair:4)
  28 slime creatures
  A centaur simulacrum (D:15)
  3 air elementals
  45 yaks
  7 spriggans
  A spriggan (shapeshifter) (Elf:1)
  3 wyverns
  6 wraiths
  6 shadows (Gauntlet)
  2 ynoxinuls
  8 water elementals
  5 fire elementals
  6 steam dragons
  7 basilisks
  A warg (Orc:1)
  3 redbacks (Vaults:5)
  A chaos spawn (Depths:1)
  3 harpy simulacra (IceCv)
  9 vampire mosquitoes
  21 swamp worms
  An ogre zombie (WizLab)
  2 acid dragons
  53 nagas
  5 hydra simulacra
  4 hell hounds (Elf:1)
  Duvessa (D:7)
  8 water moccasins
  2 human skeletons (Depths:1)
  29 orc warriors
  3 black bears
  A meliai simulacrum (D:15)
  8 swamp drakes
  An alligator simulacrum (IceCv)
  An ettin simulacrum (IceCv)
  5 ice beasts
  2 swamp dragon zombies (Swamp:4)
  25 ogres
  5 boggarts (D:15)
  13 wolves
  9 centaurs
  2 swamp dragon skeletons (Swamp:4)
  6 kobold brigands
  A phantom (D:4)
  2 earth elementals (Elf:2)
  2 necrophages
  15 bullfrogs
  3 gnoll sergeants
  A scorpion (D:4)
  7 wights
  Dowan (D:7)
  A tengu zombie (WizLab)
  7 killer bees
  5 electric eels (D:11)
  3 howler monkeys
  7 hounds
  14 orc priests
  A hound (shapeshifter) (Vaults:3)
  4 jellies
  A gnoll bouda (D:7)
  2 iguanas (D:7)
  26 orc wizards
  A boggart skeleton (D:14)
  18 gnolls
  6 adders
  A shadow imp (D:6)
  5 white imps (Lair:4)
  An ufetubus (D:5)
  A worm (D:2)
  A dart slug (D:4)
  76 orcs
  12 endoplasms
  3 giant cockroaches
  4 goblins
  11 hobgoblins
  3 jackals (D:2)
  2 quokkas
  4 ball pythons
  4 bats
  2 frilled lizards
  18 kobolds
  3 rats
2077 creatures vanquished.

Vanquished Creatures (collateral kills)
  A dread lich (Vaults:5)
  An orb of fire (Zot:1)
  Mennas (Depths:2)
  A juggernaut (Depths:2)
  Parghit (Zot:2)
  A titan (Vaults:5)
  2 storm dragons
  A vault warden (Vaults:1)
  An imperial myrmidon (Desolation)
  An angel (Vaults:4)
  A draconian scorcher (Zot:2)
  A war gargoyle (Vaults:3)
  A vampire knight (Depths:1)
  2 deep elf annihilators (Elf:3)
  A crystal guardian (Desolation)
  A mummy priest (WizLab)
  A shambling mangrove (Swamp:3)
  A deep elf high priest (Elf:3)
  A yaktaur captain (Vaults:3)
  3 ragged hierophants (Desolation)
  A servant of whispers (Desolation)
  A peacekeeper (Vaults:3)
  2 vault guards
  An ironbound frostheart (Vaults:1)
  An alligator (Swamp:3)
  4 hell knights (Depths:1)
  A deep troll (Vaults:3)
  2 ironbound convokers
  2 guardian serpents (Desolation)
  2 yaktaurs
  5 saltlings (Desolation)
  2 hornets (Swamp:3)
  A tyrant leech (Swamp:1)
  An orc warrior (Vaults:5)
  A centaur (shapeshifter) (Vaults:5)
  2 orcs (Orc:2)
53 creatures vanquished.

Vanquished Creatures (others)
  A lich (Depths:3)
  A ragged hierophant (Desolation)
  An orc knight (Vaults:5)
  2 deep elf zephyrmancers
  4 bloated husks
  A water elemental (Elf:2)
  A centaur (D:11)
  10 foxfires
  26 fungi
  60 plants
  3 withered plants (D:15)
110 creatures vanquished.

Grand Total: 2240 creatures vanquished

Notes
Turn   | Place    | Note
-------+----------+-------------------------------------------
     0 | D:1      | yakattack the Tengu Air Elementalist began the quest for
                  | the Orb.
     0 | D:1      | Reached XP level 1. HP: 10/10 MP: 4/4
    87 | D:1      | Found Qavvio's Book Emporium.
   255 | D:1      | Reached XP level 2. HP: 15/15 MP: 3/6
  1255 | D:2      | Reached XP level 3. HP: 19/19 MP: 4/7
  1732 | D:2      | Reached skill level 5 in Air Magic
  2028 | D:2      | Found Heata's Vocational Training.
  2804 | D:3      | Reached XP level 4. HP: 17/24 MP: 3/9
  2856 | D:3      | Learned a level 4 spell: Airstrike
  2860 | D:3      | Learned a level 3 spell: Swiftness
  2966 | D:3      | Found Acyun's Jewellery Shop.
  3292 | D:3      | Found a sparkling altar of Nemelex Xobeh.
  3488 | D:3      | Found Faugge's Antique Weapon Shop.
  3830 | D:3      | Gained mutation: Your magical nature lets you fly swiftly
                  | and evasively. [Tengu growth]
  3830 | D:3      | Reached XP level 5. HP: 28/28 MP: 7/10
  4032 | D:3      | Learned a level 2 spell: Static Discharge
  4536 | D:4      | Reached XP level 6. HP: 32/32 MP: 1/11
  4928 | D:4      | Reached XP level 7. HP: 36/36 MP: 3/12
  5387 | D:4      | Reached skill level 10 in Air Magic
  5387 | D:4      | Reached skill level 1 in Fighting
  5779 | D:5      | Entered Level 5 of the Dungeon
  5888 | D:5      | Found Rala's Specific Store.
  5890 | D:5      | Found Ugeclim's General Store.
  5890 | D:5      | Noticed Pikel
  5892 | D:5      | Killed Pikel
  5893 | D:5      | Reached XP level 8. HP: 51/51 MP: 4/13
  5970 | D:5      | Found a staircase to the Ecumenical Temple.
  5976 | Temple   | Entered the Ecumenical Temple
  6216 | D:5      | Bought a +0 cloak of stealth for 126 gold pieces
  6407 | D:5      | Found a broken altar of Ashenzari.
  6461 | D:5      | Became a worshipper of Ashenzari the Shackled
  6533 | D:5      | Found Picvus's Antique Armour Emporium.
  6702 | D:5      | Found a glowing silver altar of Zin.
  6934 | D:5      | You are sucked into a shaft and drop 1 floor!
  6965 | D:5      | Reached skill level 1 in Shields
  7306 | D:6      | Found an ornate altar of the Wu Jian Council.
  7739 | D:6      | Found Qowae's Book Emporium.
  8746 | D:7      | Found a basalt altar of Yredelemnul.
  8768 | D:7      | Reached XP level 9. HP: 55/55 MP: 6/16
  8954 | D:6      | Reached * piety under Ashenzari
  8954 | D:6      | Identified a scroll of acquirement
  9133 | D:7      | Noticed Joseph
  9266 | D:7      | Noticed Dowan
  9301 | D:8      | Reached skill level 1 in Ice Magic
  9385 | D:8      | Found a white marble altar of Elyvilon.
  9456 | D:8      | Acquired the +1 pair of gloves "Fovuiwn" {rC- Regen+ Str+7}
  9636 | D:8      | Identified Easy Sorcery
  9743 | D:8      | Learned a level 3 spell: Frozen Ramparts
  9832 | D:5      | Bought a runed hat for 210 gold pieces
  9931 | D:8      | Reached ** piety under Ashenzari
 10202 | D:8      | Found a runed translucent door.
 10457 | D:8      | Noticed Maggie
 10514 | D:8      | Noticed a hornet
 10519 | D:8      | Killed a hornet
 10520 | D:8      | Reached skill level 5 in Spellcasting
 10535 | D:8      | Identified the cursed +2 leather armour of the Esoteric
                  | Oracle {rPois, Range, Evo} (You found it on level 5 of the
                  | Dungeon)
 10686 | D:8      | Killed Maggie
 10812 | D:8      | Found a runed translucent door.
 10816 | D:8      | Noticed a two-headed ogre
 10920 | D:8      | Reached *** piety under Ashenzari
 11492 | D:8      | Noticed a centaur warrior
 11555 | D:9      | Reached skill level 1 in Evocations
 11557 | D:9      | Reached XP level 10. HP: 23/60 MP: 5/20
 11727 | D:9      | Reached skill level 1 in Armour
 11925 | D:9      | Noticed an obsidian statue
 12040 | D:9      | Found a shimmering blue altar of Sif Muna.
 12277 | D:9      | Found a large runed translucent door.
 12284 | D:9      | Found a large runed translucent door.
 12426 | D:9      | Found an opulent altar of Gozag.
 12593 | D:9      | Found an ancient bone altar of Kikubaaqudgha.
 12712 | D:9      | Found an iron altar of Okawaru.
 12778 | D:10     | Entered Level 10 of the Dungeon
 12778 | D:10     | Noticed an unseen horror
 12780 | D:10     | Killed an unseen horror
 12842 | D:10     | Noticed a gargoyle
 12843 | D:10     | Killed a gargoyle
 13050 | D:10     | Reached **** piety under Ashenzari
 13064 | D:10     | Noticed a gargoyle
 13090 | D:10     | Killed a gargoyle
 13136 | D:10     | Found a hide-covered altar of Uskayaw.
 13181 | D:10     | Reached skill level 5 in Dodging
 13466 | D:10     | Noticed an unseen horror
 13470 | D:10     | Killed an unseen horror
 13778 | D:10     | Noticed a kobold demonologist
 13779 | D:10     | Noticed a kobold demonologist
 13782 | D:10     | Killed a kobold demonologist
 13783 | D:10     | Reached skill level 5 in Armour
 13800 | D:10     | Killed a kobold demonologist
 13801 | D:10     | Reached XP level 11. HP: 72/72 MP: 6/24
 14110 | D:10     | Noticed Fannar
 14314 | D:7      | Killed Joseph
 14425 | D:7      | Noticed Duvessa
 14429 | D:7      | Killed Duvessa
 14429 | D:7      | Killed Dowan
 14547 | D:7      | Reached ***** piety under Ashenzari
 15312 | D:10     | Found a bloodstained altar of Trog.
 15739 | D:11     | Found a gate leading to a gauntlet.
 15748 | Gauntlet | Entered a Gauntlet
 15748 | Gauntlet | Noticed a catoblepas
 15748 | Gauntlet | Identified the ring "Qasarran" {rElec rPois rN++ EV+4
                  | Str-3}
 15748 | Gauntlet | Found a transporter.
 15748 | Gauntlet | Found a transporter.
 15767 | Gauntlet | Found a transporter.
 15770 | Gauntlet | Found a transporter.
 15770 | Gauntlet | Found a transporter.
 15772 | Gauntlet | Noticed a green death
 15817 | Gauntlet | Found a transporter.
 15820 | Gauntlet | Found a transporter.
 15831 | Gauntlet | Found a transporter.
 15838 | Gauntlet | Found a transporter.
 15839 | Gauntlet | Noticed a fire crab
 15855 | Gauntlet | Found a transporter.
 15862 | Gauntlet | Identified the Vellum of Changing
 15862 | Gauntlet | Noticed a necromancer
 15863 | Gauntlet | Found a transporter.
 15881 | Gauntlet | Found a transporter.
 15934 | Gauntlet | Identified the amulet of Ziewaatz {Reflect rElec Int+2
                  | SH+5}
 16250 | Gauntlet | Noticed a minotaur
 16272 | Gauntlet | Killed a minotaur
 16275 | Gauntlet | Identified the cursed scarf of the Revealing Heavens {rC+
                  | rF+, Evo, Range} (You found it on level 2 of the Dungeon)
 16275 | Gauntlet | Identified the cursed +2 hat "Secrets of Ashenzari" {Comp,
                  | Self} (You bought it in a shop on level 5 of the Dungeon)
 16709 | D:11     | Noticed a two-headed ogre
 16780 | D:11     | Killed a two-headed ogre
 17021 | D:11     | Found a staircase to the Lair.
 17067 | D:11     | Reached skill level 10 in Fighting
 17243 | D:11     | Found a transporter.
 17280 | D:11     | Noticed a cyclops
 17291 | D:11     | Noticed a manticore
 17297 | D:11     | Noticed porkupine's ghost (journeyman MiHu)
 17300 | D:11     | Found a transporter.
 17303 | D:11     | Noticed a deep elf pyromancer
 17424 | D:11     | Found a staircase to the Orcish Mines.
 17587 | D:11     | Learned a level 2 spell: Sublimation of Blood
 17606 | Lair:1   | Entered Level 1 of the Lair of Beasts
 17648 | Lair:1   | Reached skill level 1 in Necromancy
 17759 | Lair:1   | Reached XP level 12. HP: 84/84 MP: 9/26
 17997 | Lair:1   | Reached skill level 1 in Earth Magic
 18337 | Lair:1   | Reached skill level 5 in Necromancy
 18859 | Lair:1   | Learned a level 5 spell: Borgnjor's Vile Clutch
 19033 | Lair:2   | Noticed a catoblepas
 19381 | Lair:2   | Found a staircase to the Snake Pit.
 19686 | Lair:2   | Killed a catoblepas
 19982 | Lair:2   | Reached XP level 13. HP: 89/89 MP: 18/27
 19998 | Lair:2   | Reached skill level 5 in Ranged Weapons
 20410 | Lair:2   | Upgraded the game from 0.30-a0-445-g92f4fb2 to
                  | 0.30-a0-458-g86641cc
 20510 | Lair:3   | Reached ****** piety under Ashenzari
 20567 | Lair:3   | Noticed Nessos
 20579 | Lair:3   | Killed Nessos
 20824 | Lair:3   | Reached skill level 5 in Evocations
 21201 | Lair:3   | Found a staircase to the Swamp.
 21396 | Lair:3   | Reached skill level 10 in Dodging
 22146 | Lair:4   | Noticed an ice dragon
 22263 | Lair:4   | Noticed Urug
 22343 | Lair:4   | Killed Urug
 22863 | Lair:4   | Killed an ice dragon
 23755 | Lair:4   | Identified the +4 eveningstar of Kuudoaja {vamp, Fly rElec}
 23948 | Lair:5   | Entered Level 5 of the Lair of Beasts
 23952 | Lair:5   | Reached XP level 14. HP: 100/100 MP: 23/29
 24083 | Lair:5   | Found a viscous altar of Jiyva.
 24084 | Lair:5   | Found a staircase to the Slime Pits.
 25464 | Lair:5   | Noticed a dire elephant
 25933 | Lair:5   | Found a staircase to the Slime Pits.
 25934 | Lair:5   | Found a viscous altar of Jiyva.
 26623 | Lair:5   | Killed a dire elephant
 26791 | Lair:5   | Learned a level 5 spell: Silence
 26989 | D:12     | Noticed Rupert
 27246 | D:12     | Noticed Lodul
 27258 | D:12     | Killed Lodul
 27983 | Orc:1    | Entered Level 1 of the Orcish Mines
 28002 | Orc:1    | Reached skill level 1 in Maces & Flails
 28441 | Orc:1    | Learned a level 6 spell: Death Channel
 28443 | Orc:2    | Entered Level 2 of the Orcish Mines
 28443 | Orc:2    | Found a staircase to the Elven Halls.
 28681 | Orc:2    | Found Uti Zoczu's Armour Shop.
 28833 | Orc:2    | Found Fykkeroi's General Store.
 28902 | Orc:2    | Noticed an orc warlord
 28956 | Orc:2    | Killed an orc warlord
 29075 | Orc:2    | Found Tuibahousch's Weapon Boutique.
 29228 | Orc:2    | Reached skill level 5 in Maces & Flails
 29229 | Orc:2    | Reached XP level 15. HP: 86/108 MP: 25/30
 29378 | Orc:2    | Found Tucymad's Weapon Shoppe.
 29383 | Orc:2    | Found Beunol Acvu's General Store.
 29390 | Orc:2    | Found Lafiap's Distillery.
 29392 | Orc:2    | Found Idwyumn's General Store.
 29401 | Orc:2    | Bought 2 potions of brilliance for 128 gold pieces
 29401 | Orc:2    | Bought a potion of brilliance for 64 gold pieces
 29529 | Orc:2    | Bought a box of beasts for 520 gold pieces
 29529 | Orc:2    | Bought a wand of paralysis (3) for 93 gold pieces
 29607 | Orc:2    | Reached skill level 1 in Polearms
 31301 | D:14     | Identified the +0 leather armour of the Tarantula {+Blink
                  | Fly rPois Str-2}
 31418 | D:14     | Reached skill level 5 in Polearms
 31522 | D:14     | Found a gate to the Vaults.
 31598 | D:14     | Found an opulent altar of Gozag.
 33127 | D:12     | Paralysed by Rupert for 2 turns
 33268 | D:15     | Entered Level 15 of the Dungeon
 33271 | D:15     | Found a staircase to the Depths.
 34454 | D:15     | Reached XP level 16. HP: 113/114 MP: 4/31
 34567 | D:15     | Found a shadowy altar of Dithmenos.
 34849 | D:15     | Reached skill level 10 in Polearms
 35319 | Snake:1  | Entered Level 1 of the Snake Pit
 35336 | Snake:1  | Found Ehothro's Weapon Boutique.
 35511 | Snake:1  | Found a frozen archway.
 35565 | IceCv    | Entered an ice cave
 35566 | IceCv    | Found the +3 pair of gauntlets of War {Slay+5}
 35624 | IceCv    | Found a transporter.
 35642 | IceCv    | Found a transporter.
 35875 | IceCv    | Reached skill level 10 in Necromancy
 36190 | Snake:1  | Noticed Josephine
 36210 | Snake:1  | Killed Josephine
 36296 | Snake:1  | Found Wanitt's Antique Armour Emporium.
 36304 | Snake:1  | Bought a shiny scale mail for 154 gold pieces
 36611 | D:2      | Bought a manual of Evocations for 1120 gold pieces
 38017 | Snake:2  | Identified the +1 leather armour "Ryhic" {*Slow rC+ Int+3
                  | Stlth+}
 38260 | Snake:2  | Found a transporter.
 38266 | Snake:2  | Noticed Lief's ghost (adept KoIE)
 38751 | Snake:2  | Noticed a nagaraja
 38777 | Snake:2  | Killed a nagaraja
 38936 | Snake:2  | Found a transporter.
 38983 | Snake:2  | Found Bolazeet's General Store.
 38986 | Snake:2  | Found Wowomo's Jewellery Emporium.
 38986 | Snake:2  | Found Sicoguos's Antique Weapon Shoppe.
 39012 | Snake:2  | Found Wiecwotya's Distillery.
 39305 | Snake:2  | Found Xuusch's Overcharged Wands.
 39810 | Snake:2  | Reached skill level 10 in Armour
 40024 | Snake:2  | Reached XP level 17. HP: 85/118 MP: 26/31
 40600 | Snake:3  | Reached skill level 10 in Evocations
 41130 | Snake:3  | Identified Quleoxki's Codex of Changing Conflagration
 42113 | Snake:2  | Bought a ring of willpower for 450 gold pieces
 42286 | D:11     | Killed porkupine's ghost
 42733 | Snake:3  | Reached skill level 1 in Summonings
 43079 | Snake:4  | Entered Level 4 of the Snake Pit
 43264 | Snake:4  | Reached skill level 15 in Evocations
 44048 | Snake:4  | Reached skill level 5 in Summonings
 44819 | Snake:4  | Reached XP level 18. HP: 97/124 MP: 18/32
 45844 | Snake:4  | Got a serpentine rune of Zot
 46395 | Swamp:1  | Entered Level 1 of the Swamp
 46412 | Swamp:1  | Noticed Aizul
 46470 | Lair:3   | Killed Aizul
 46909 | Swamp:1  | Reached skill level 5 in Earth Magic
 47772 | Swamp:2  | Found a runed translucent door.
 48883 | Swamp:3  | Noticed Bai Suzhen
 48896 | Swamp:2  | Killed Bai Suzhen
 49334 | Swamp:3  | Noticed Donald
 49787 | Swamp:3  | Killed Donald
 49831 | Swamp:4  | Entered Level 4 of the Swamp
 50166 | Swamp:4  | Noticed Mlioglotl
 50178 | Swamp:4  | Killed Mlioglotl
 50358 | Swamp:4  | Found the macabre finger necklace {rN+}
 50596 | Swamp:4  | Reached XP level 19. HP: 128/128 MP: 26/35
 50712 | Swamp:4  | Noticed a tentacled monstrosity
 50744 | Swamp:4  | Killed a tentacled monstrosity
 51393 | Swamp:4  | Found a blossoming altar of Fedhas.
 51463 | Swamp:4  | Found a basalt altar of Yredelemnul.
 51477 | Swamp:4  | Got a decaying rune of Zot
 53209 | D:12     | Killed Rupert
 53945 | Snake:2  | Killed Lief's ghost
 54038 | Snake:2  | Reached skill level 15 in Necromancy
 54380 | Elf:1    | Entered Level 1 of the Elven Halls
 54380 | Elf:1    | Found a runed translucent gate.
 54380 | Elf:1    | Found a runed translucent gate.
 54380 | Elf:1    | Found a runed translucent gate.
 54380 | Elf:1    | Found a runed translucent gate.
 54380 | Elf:1    | Found a runed translucent gate.
 54380 | Elf:1    | Found a runed translucent gate.
 54386 | Elf:1    | Found a runed translucent door.
 54394 | Elf:1    | Found a runed translucent door.
 54705 | Elf:1    | Reached skill level 1 in Hexes
 54924 | Elf:1    | Paralysed by an air elemental for 1 turns
 54967 | Elf:1    | Noticed Azrael
 54986 | Elf:1    | Killed Azrael
 55138 | Elf:1    | Found Margaret's Dragon-Slaying Spoils.
 55729 | Elf:2    | Paralysed by an air elemental for 1 turns
 55748 | Elf:2    | Identified the ring of Ascent {rCorr MP+9 Str+4 Dex+10
                  | Slay-2}
 56176 | Elf:2    | Identified the ring of Wureikoax {rC+ MP+9 Str-5 Dex+3}
 56238 | Elf:2    | Reached XP level 20. HP: 134/134 MP: 13/37
 56728 | Elf:2    | Found a runed translucent gate.
 56728 | Elf:2    | Found a runed translucent gate.
 56728 | Elf:2    | Found a runed translucent gate.
 57821 | Elf:2    | Reached skill level 10 in Spellcasting
 58097 | Elf:3    | Entered Level 3 of the Elven Halls
 58812 | Elf:3    | Reached skill level 5 in Shields
 58812 | Elf:3    | Reached XP level 21. HP: 140/140 MP: 40/40
 59198 | Vaults:1 | Entered Level 1 of the Vaults
 59377 | Vaults:1 | Identified the +1 buckler "Adisue" {Drain rPois Int+2
                  | Dex+6}
 60661 | Vaults:1 | Reached skill level 10 in Shields
 62121 | Vaults:2 | Reached XP level 22. HP: 104/145 MP: 35/41
 62191 | Vaults:2 | Found Mereik's Antique Weapon Boutique.
 62350 | Vaults:2 | Noticed Boris
 62405 | Vaults:2 | Killed Boris
 62561 | Vaults:2 | Reached skill level 5 in Ice Magic
 63390 | Vaults:2 | Found a staircase to the Crypt.
 64039 | D:1      | Bought a book of Death for 528 gold pieces
 64048 | D:1      | Learned a level 7 spell: Haunt
 64055 | D:1      | Learned a level 6 spell: Summon Cactus Giant
 64395 | Vaults:3 | Reached skill level 10 in Summonings
 64656 | Vaults:3 | Found a magical portal.
 64680 | WizLab   | Entered Doroklohe's Tomb
 64710 | WizLab   | Noticed a dread lich
 64729 | WizLab   | Killed a dread lich
 65086 | WizLab   | Identified the +0 pair of gloves "Nuobit" {rPois rN+ Will-
                  | Dex+2}
 66707 | Vaults:3 | Reached skill level 15 in Summonings
 66707 | Vaults:3 | Reached XP level 23. HP: 152/152 MP: 42/42
 67250 | Elf:3    | Identified the +4 mace of Peril {vorpal, Int+2}
 67524 | Elf:3    | Identified the +6 hand axe of Anguish {speed, rN+}
 67750 | Elf:3    | Identified the ring "Laes" {Ice Str-2 Dex+3}
 67759 | Elf:3    | Identified the +8 falchion of Kubut {vorpal, rPois}
 67759 | Elf:3    | Identified the ring "Wauxt" {rPois rN+ MP+9 Dex+4}
 67853 | Elf:3    | Identified the Quarto of Necrotic Poison
 67857 | Elf:3    | Identified the +0 pair of gloves "Azolu" {Str-3 Int+3}
 67920 | Elf:3    | Identified the +1 pair of boots of Obugic {Slay+6}
 68378 | Vaults:4 | Found Qexza's Book Emporium.
 68414 | Vaults:4 | Found a crumbling gateway.
 68416 | Vaults:4 | Found a white marble altar of Elyvilon.
 68416 | Vaults:4 | Found a glowing golden altar of the Shining One.
 68460 | Vaults:4 | Found a glowing silver altar of Zin.
 68466 | Desolati | Entered the Desolation of Salt
 68759 | Desolati | Identified the +11 eveningstar of Arbitration {vorpal,
                  | Int+2 Dex+2}
 68882 | Desolati | Identified the +3 falchion "Ofegio" {drain, rElec Will+++
                  | Str-3 Int-5}
 69012 | Desolati | Identified the +5 falchion of the Cursing Gods {elec, rC+}
 69180 | Desolati | Identified the +3 great sword of Jeom {vorpal, Int+6}
 69194 | Desolati | Reached skill level 1 in Invocations
 69300 | Desolati | Identified the Octavo of the Storm and Damage Dealing
 69301 | Desolati | Identified the +0 chain mail of Hiopn {rElec Slay+2}
 69464 | Desolati | Identified Sif Muna's Vademecum on the Throng
 69482 | Desolati | Identified the +5 plate armour of Gozag's Hatred {Drain
                  | rPois rF+ Str+5}
 69482 | Desolati | Identified Pekhih's Omnibus of Calling
 69823 | Vaults:4 | Noticed Boris
 69833 | Vaults:4 | Killed Boris
 70189 | Vaults:4 | Found Veilul's Antique Armour Shoppe.
 70687 | Vaults:4 | Found Ahot's Jewellery Boutique.
 70728 | Vaults:4 | Found Siklomm's General Store.
 70731 | Vaults:4 | Bought a scroll of silence for 104 gold pieces
 70731 | Vaults:4 | Bought a scroll of fear for 44 gold pieces
 70800 | Vaults:4 | Identified the +8 quarterstaff "Rik Ziott" {flame, Fragile
                  | rN+++ Str+4 Stlth+}
 71193 | Depths:1 | Entered Level 1 of the Depths
 71814 | Depths:1 | Reached skill level 5 in Invocations
 71860 | Depths:1 | Reached XP level 24. HP: 158/158 MP: 36/42
 72075 | Depths:1 | Found a gateway to Hell.
 72189 | Depths:1 | Found a burning altar of Makhleb.
 72194 | Depths:1 | Found a glowing golden altar of the Shining One.
 72564 | Depths:1 | Found a one-way gate leading to the halls of Pandemonium.
 73208 | Depths:2 | Found Pefum's Jewellery Emporium.
 73210 | Depths:2 | Found Qiyjegoos's Antique Armour Shoppe.
 73212 | Depths:2 | Found Juyllian's Assorted Antiques.
 73253 | Depths:2 | Bought a transparent ring mail for 324 gold pieces
 73253 | Depths:2 | Identified the +2 ring mail "Jydargh" {rC+} (You bought it
                  | in a shop on level 2 of the Depths)
 73257 | Depths:2 | Bought an encrusted chain mail for 408 gold pieces
 73257 | Depths:2 | Identified the +8 chain mail of Inaction {+Inv Fly Str-2}
                  | (You bought it in a shop on level 2 of the Depths)
 73763 | Depths:2 | Noticed a juggernaut
 73802 | Depths:2 | Killed a juggernaut
 74208 | Depths:2 | Noticed a juggernaut
 74349 | Depths:2 | Killed a juggernaut
 74670 | Depths:2 | Reached skill level 15 in Fighting
 75441 | Depths:2 | Found Pefum's Jewellery Emporium.
 75443 | Depths:2 | Found Qiyjegoos's Antique Armour Shoppe.
 75879 | Depths:3 | Reached XP level 25. HP: 156/166 MP: 40/42
 76508 | Depths:3 | Found a corrupted altar of Lugonu.
 76509 | Depths:3 | Found a one-way gate to the infinite horrors of the Abyss.
 76651 | Depths:3 | Noticed Mennas
 76766 | Depths:2 | Killed Mennas
 77077 | Depths:3 | Found an ancient bone altar of Kikubaaqudgha.
 77452 | Depths:3 | Identified the +3 ring mail of Mesmott {Str+4 Int+2}
 77452 | Depths:3 | Identified the Tractate on Blasts
 77452 | Depths:3 | Identified the +2 executioner's axe "Uschae Zaecon" {drain,
                  | Stlth+}
 77452 | Depths:3 | Noticed a juggernaut
 77506 | Depths:3 | Killed a juggernaut
 77910 | Depths:4 | Entered Level 4 of the Depths
 77993 | Depths:3 | Found a corrupted altar of Lugonu.
 77994 | Depths:3 | Found a one-way gate to the infinite horrors of the Abyss.
 78225 | Depths:3 | Found an ancient bone altar of Kikubaaqudgha.
 79111 | Depths:4 | Reached skill level 10 in Invocations
 79218 | Depths:4 | Found a one-way gateway to a ziggurat.
 79842 | Depths:4 | Found a gate to the Realm of Zot.
 80226 | Vaults:5 | Entered Level 5 of the Vaults
 80433 | Vaults:5 | Identified the +9 hand axe of the Foremost Wishes {freeze,
                  | rF+ rC+}
 80481 | Vaults:5 | Reached XP level 26. HP: 176/176 MP: 22/42
 80934 | Vaults:5 | Identified the +7 hand axe of Grace {vorpal, *Slow rF+ rN++
                  | Str+2}
 80946 | Vaults:5 | Reached skill level 15 in Dodging
 81059 | Vaults:5 | Noticed a dread lich
 81084 | Vaults:5 | Killed a dread lich
 81366 | Vaults:5 | Reached skill level 15 in Armour
 81476 | Vaults:5 | Identified the Catalogue of the Bloody Ground
 81687 | Vaults:5 | Noticed a dread lich
 81700 | Vaults:5 | Killed a dread lich
 81841 | Vaults:5 | Identified the +1 chain mail "Ybiguech" {Rampage SInv}
 81978 | Vaults:5 | Identified the +4 halberd "Neywal" {vorpal, rC- Str+2
                  | Int+4}
 81978 | Vaults:5 | Identified the +1 robe of Sishruh {Drain Slay+2 Stlth+}
 82305 | Vaults:5 | Noticed a dread lich
 82317 | Vaults:5 | Killed a dread lich
 82498 | Vaults:5 | Identified the +4 shortbow of Duty {flame, rElec rF- Str-2
                  | SInv}
 82507 | Vaults:5 | Got a silver rune of Zot
 82893 | Vaults:5 | Identified the +5 sling "Ekoocux" {elec, *Corrode rC+
                  | Int+3}
 82900 | Vaults:5 | Identified the +3 spear of Eternity {vorpal, Contam Will+
                  | rCorr Str+5}
 83257 | Vaults:5 | Learned a level 3 spell: Vampiric Draining
 83262 | Vaults:5 | Learned a level 4 spell: Dispel Undead
 83601 | Zot:1    | Entered Level 1 of the Realm of Zot
 83653 | Zot:1    | Noticed an orb of fire
 83663 | Zot:1    | Gained mutation: You are dopey. (Int -2) [an orb of fire]
 83667 | Zot:1    | Gained mutation: You are somewhat resistant to further
                  | mutation. [an orb of fire]
 83669 | Zot:1    | Killed an orb of fire
 84204 | Zot:1    | Reached XP level 27. HP: 152/184 MP: 30/42
 85343 | Zot:2    | Identified the +1 pair of boots of Gatig {rN++ rCorr Slay-4
                  | SInv}
 86646 | Zot:3    | Noticed Parghit
 86706 | Zot:2    | Killed Parghit
 87269 | Zot:5    | Entered Level 5 of the Realm of Zot
 88334 | Zot:5    | Noticed an orb of fire
 88495 | Zot:5    | Noticed an orb of fire
 88497 | Zot:5    | Noticed an orb of fire
 88504 | Zot:5    | Gained mutation: You occasionally lose the ability to read
                  | scrolls when taking damage. [an orb of fire]
 88511 | Zot:5    | Gained mutation: You are covered in fur. (AC +1) [an orb of
                  | fire]
 88518 | Zot:5    | Killed an orb of fire
 88537 | Zot:5    | Killed an orb of fire
 88636 | Zot:5    | Killed an orb of fire
 88682 | Zot:5    | Noticed an orb of fire
 88710 | Zot:5    | Killed an orb of fire
 88761 | Zot:5    | Noticed an ancient lich
 88792 | Zot:5    | Killed an ancient lich
 89101 | Zot:5    | Got the Orb of Zot
 89103 | Zot:5    | Noticed an orb of fire
 89106 | Zot:5    | Noticed a dread lich
 89222 | Zot:1    | Learned a level 2 spell: Passwall
 89682 | D:$      | Escaped with the Orb!

Illustrated notes

Levels and vault maps discovered:
D:1:      amcnicky_arrival_flooded_fountain, layout_rooms, serial_shops,
          nicolae_shop_waterfront, minmay_misc_feat_hallway,
          hangedman_decor_push
D:2:      layout_loops_corners, grunt_ministairs_5, minivault_4,
          nicolae_shop_vocational
D:3:      layout_basic, nemelex_spade_bored_becter, serial_shops,
          nicolae_shop_advertising_works [nicolae_subvault_shop_adworks], shop
D:4:      layout_gridville, small_statue_intersection
D:5:      layout_rooms, mainiacjoe_overflow_alcove_2,
          nicolae_ashenzari_panopticon, temple_green, serial_shops,
          nicolae_shop_hallway_stairs, nicolae_specific_store,
          amcnicky_mini_pool_small, due_unseen_surprise, uniq_pikel
D:6:      layout_basic, mainiacjoe_overflow_cross_hatched, serial_shops, shop
D:7:      layout_basic, mainiacjoe_overflow_chevrons, uniq_duvessa, uniq_joseph
D:8:      cheibrodos_histonic, layout_basic, amcnicky_altar_gilded, uniq_maggie
D:9:      layout_basic, kennysheep_little_box,
          mainiacjoe_overflow_six_doors_small, jmf_multi_god_temple2,
          minmay_statue_bubble
D:10:     layout_stronghold, nicolae_uskayaw_suspiria, trog_hazing_becter,
          statue_in_the_mist_lemuel, uniq_fannar
D:11:     layout_cave_pools, erik_lair_island, orc_0_dummy, nzn_ghost_randoct,
          gauntlet_entry_generic
D:12:     layout_layer_cave, minmay_misc_feat_rugged, serial_bayou_pond_a,
          uniq_rupert, uniq_lodul
D:13:     layout_rooms, kennysheep_just_a_vault
D:14:     layout_basic, hangedman_vaults_entry_quadrant_bands,
          nicolae_gozag_cash_rules_everything_around_me
D:15:     gammafunk_depths_entry_grave, layout_small_grid,
          nicolae_dithmenos_through_a_glass_darkly
Temple:   compressed_dpeg_circular_temple
Lair:1:   layout_hall_layers, pond
Lair:2:   layout_chaotic_city, guppyfry_snake_entry_island, grunt_megastairs_4
Lair:3:   layout_cave_pods, skrybe_swamp_entry_bodies, uniq_nessos
Lair:4:   layout_hall_layers, ice2_lemuel, uniq_urug
Lair:5:   grunt_lair_end_beastmaster, layout_big_grid,
          minmay_slime_entry_pillars
Swamp:1:  layout_basic_swamp, nicolae_swamp_tree_designs, hangedman_swamp_pad,
          swamp_pool3, nicolae_swamp_drake_lake, uniq_aizul
Swamp:2:  layout_basic_swamp, evilmike_swamp_ruin_rubble_1,
          nzn_swamp_weyward_sisters
Swamp:3:  layout_basic_swamp, evilmike_swamp_ruin_house_5, uniq_bai_suzhen,
          uniq_donald
Swamp:4:  byrel_swamp_growth_death_and_undeath, layout_basic_swamp,
          uniq_mlioglotl
Snake:1:  layout_chambers, serial_shops, nicolae_shop_hallway_plus, shop,
          portal_ice_cave_entry_ugly_swarm, uniq_josephine
Snake:2:  layout_chambers, gammafunk_ghost_arena,
          nicolae_shop_overcharged_wands, minmay_shoptagon, grunt_megastairs_5
Snake:3:  layout_honeycomb
Snake:4:  snake_pit, layout_basic, grunt_ministairs_12,
          nicolae_snake_coiling_death, lemuel_fruit_tree
Orc:1:    layout_diamond_mine
Orc:2:    st_orc_elflike, layout_caves, serial_shops, shop,
          nicolae_shop_waterfront, shop
Elf:1:    nicolae_elf_arrival_dilemma, layout_rooms, minivault_28,
          nicolae_shop_dragon_depot, uniq_azrael
Elf:2:    nicolae_elf_blades_splatter_lattice
          [nicolae_blade_entry_floor_patterns], layout_gridlike,
          minmay_the_grid_square_5x5_3x3_mashed
          [minmay_the_grid_square_5x5_six_small,
          minmay_the_grid_square_5x5_corner,
          minmay_the_grid_square_5x5_two_walls_a,
          minmay_the_grid_square_5x5_doubleslash,
          minmay_the_grid_square_5x5_megaprize_checkered,
          minmay_the_grid_square_5x5_checkered_statues,
          minmay_the_grid_square_5x5_moneybag, minmay_the_grid_square_5x5_eight,
          minmay_the_grid_square_5x5_checkered]
Elf:3:    minmay_elf_hall_x, layout_geoelf_grid
Vaults:1: v_misc_26, nicolae_vaults_arrows, nicolae_vaults_diagonal_hallway_9,
          v_misc_25, ontoclasm_vaults_claustrophobia, v_pattern_5,
          nicolae_vaults_circle_grid_a, nicolae_vaults_circle_grid_b,
          nicolae_vaults_alarming, layout_vaults_maze
Vaults:2: vaults_mumra_hex, hangedman_vaults_capsules, hangedman_vaults_maws,
          v_rooms_5, v_misc_23, v_misc_25, hangedman_vaults_stretched_pinwheel,
          v_alt_pattern_6, blue_anna_dwarven_crypt, layout_vaults_omnigrid,
          serial_shops, shop, uniq_boris
Vaults:3: lightli_enter_wizlab_magi_temple, vaults_dpeg_cross,
          grunt_vaults_hallway_long, hangedman_vaults_pinch,
          nicolae_vaults_ninety_degrees, v_misc_2, vaults_room_stairs_pillars,
          nicolae_vaults_little_squares_1, vaults_room_fours,
          grunt_vaults_diagonal, nicolae_vaults_what_the_h,
          nicolae_vaults_gold_heap, vaults_dpeg_emergency_exit,
          layout_vaults_omnicross
Vaults:4: portal_desolation_entry_holy_temple, nicolae_vaults_network_s,
          hangedman_vaults_variations, nicolae_vaults_c_with_doors, v_misc_22,
          vaults_room_stairs_pillars, nicolae_vaults_little_squares_1,
          v_misc_27, grunt_vaults_hallway_long, layout_vaults_omnibox,
          serial_shops, shop_fountains, nicolae_shop_behind_doors,
          nicolae_shop_competitors_out_of_business, nicolae_shop_crystal
Vaults:5: serial_shops
Depths:1: layout_long_grid, hell_entry, grunt_pan_entry_spiral,
          kennysheep_small_spiral, grunt_ministairs_6, nzn_life_drinkers
Depths:2: lemuel_castle_with_subvaults [lemuel_castle_interior_carwin_1],
          layout_cave_shapes, grunt_hell_entry_dis_grunt, minmay_misc_feat_room,
          pan_entry, minmay_shop_star, infiniplex_staircase_pillars_2
Depths:3: grunt_arcs, layout_cave_pools, hell_entry, abyss_entry_flame_altar,
          kiku_gazebo_pond_becter, minmay_fractal_squares_diagonal_5,
          uniq_josephina, uniq_mennas
Depths:4: evilmike_zot_entry_gauntlet, layout_basic, enter_ziggurat_a,
          minmay_misc_feat_roman, lightli_too_deep, grunt_ministairs_9
Zot:1:    layout_cathedral_of_symmetry
Zot:2:    layout_twisted_circle, grunt_megastairs_3
Zot:3:    kennysheep_room_grid, layout_cathedral_of_symmetry, zot_minivault_1,
          uniq_parghit
Zot:4:    layout_onion_interference
Zot:5:    layout_gridlike

Skill      XL: |  1  2  3  4  5  6  7  8  9 10 11 12 13 14 15 16 17 18 19 20 21 22 23 24 25 26 27 |
---------------+----------------------------------------------------------------------------------+-----
Conjurations   | 2 |  2.0
Air Magic      | 5 6 8 9 10 11 12 13 14 | 14.0
Spellcasting   | 3 4 6 7 8 10 | 10.5
Fighting       | 6 7 10 12 14 15 16 18 19 | 19.9
Shields        | 2 5 11 12 | 12.0
Ice Magic      | 3 5 |  5.4
Ranged Weapons | 3 4 5 |  5.2
Evocations     | 1 2 4 7 9 16 17 | 17.0
Armour         | 5 6 10 12 14 16 17 | 17.6
Dodging        | 5 9 10 11 12 14 16 17 | 17.8
Necromancy     | 2 7 8 9 11 13 16 17 18 | 18.1
Earth Magic    | 4 6 7 |  7.0
Maces & Flails | 5 6 |  6.2
Polearms       | 9 11 | 11.7
Summonings     | 6 9 15 18 19 | 19.4
Hexes          | 2 3 |  3.9
Invocations    | 5 8 10 12 14 | 14.6
Stealth        | |  2.0

Action                   |  1- 3 |  4- 6 |  7- 9 | 10-12 | 13-15 | 16-18 | 19-21 | 22-24 | 25-27 || total
-------------------------+-------+-------+-------+-------+-------+-------+-------+-------+-------++-------
Melee: Quarterstaff      |     8 |       |       |       |       |       |       |       |       ||     8
       Kick              |     2 |       |       |       |       |   314 |   347 |  1098 |  1107 ||  2868
       Peck              |     1 |       |       |       |       |   217 |   226 |   737 |   734 ||  1915
       Demon trident     |       |       |       |       |       |  1203 |   998 |  2189 |  2242 ||  6632
 Fire: Sling             |     1 |     1 |    21 |   238 |  1067 |     1 |       |       |       ||  1329
Throw: Dart              |       |       |       |       |       |    56 |    18 |     8 |     7 ||    89
 Cast: Shock             |    88 |    66 |    28 |    10 |       |       |       |       |       ||   192
       Airstrike         |       |     9 |    67 |   131 |    39 |     5 |    22 |    14 |     9 ||   296
       Swiftness         |       |     1 |       |     1 |       |     4 |     4 |     1 |     1 ||    12
       Frozen Ramparts   |       |       |     6 |    19 |    28 |     2 |       |     2 |     1 ||    58
       Static Discharge  |       |       |       |    32 |     3 |       |       |       |       ||    35
       Borgnjor's Vile C |       |       |       |    15 |   244 |   241 |   142 |   193 |   254 ||  1089
       Sublimation of Bl |       |       |       |     6 |    37 |    13 |     2 |     6 |     5 ||    69
       Death Channel     |       |       |       |       |     3 |       |     1 |       |       ||     4
       Silence           |       |       |       |       |     1 |     3 |       |     1 |     4 ||     9
       Haunt             |       |       |       |       |       |       |       |    25 |    18 ||    43
       Summon Cactus Gia |       |       |       |       |       |       |       |    11 |     4 ||    15
Invok: Curse Item        |       |       |     4 |     5 |     1 |     2 |     1 |     1 |       ||    14
       Shatter the Chain |       |       |       |     1 |       |     3 |     1 |       |       ||     5
Evoke: Wand              |       |       |     4 |     4 |     2 |     6 |     2 |     2 |     9 ||    29
       Tin of tremorston |       |       |       |       |       |     2 |     1 |     1 |     4 ||     8
       Box of beasts     |       |       |       |       |       |     2 |       |     1 |     3 ||     6
       Phantom mirror    |       |       |       |       |       |       |       |       |     3 ||     3
       Condenser vane    |       |       |       |       |       |       |       |       |     4 ||     4
  Use: Scroll            |     3 |     4 |    10 |     1 |     1 |    16 |     7 |    12 |     8 ||    62
       Potion            |       |       |     1 |     2 |       |     7 |     2 |       |    16 ||    28
 Stab: Paralysed         |       |       |       |       |       |    22 |     8 |       |       ||    30
       Sleeping          |       |       |       |       |       |     1 |       |       |       ||     1
       Distracted        |       |       |       |       |       |       |       |     5 |     4 ||     9
       Invisible         |       |       |       |       |       |       |       |       |     5 ||     5
Armor: Robe              |     4 |       |       |       |       |       |       |       |       ||     4
       Leather armour    |       |       |     2 |    21 |    71 |    72 |       |       |       ||   166
       Skin              |       |       |       |     4 |       |       |       |       |       ||     4
       Chain mail        |       |       |       |       |       |   108 |   246 |   401 |   324 ||  1079
Dodge: Dodged            |    17 |    12 |    11 |   104 |   560 |   651 |   524 |   714 |   765 ||  3358
Block: Buckler           |       |       |     3 |    31 |   177 |   245 |   196 |       |       ||   652
       Tower shield      |       |       |       |       |       |       |    56 |  2287 |  2211 ||  4554

Table legend: (Time is in decaauts)
 A = Elapsed time spent in this place.
 B = Non-inter-level travel time spent in this place.
 C = Inter-level travel time spent in this place.
 D = Time resting spent in this place.
 E = Time spent auto-exploring this place.
 F = Levels seen in this place.
 G = Mean time per level.
                   A        B        C        D        E       F      G
               +--------+--------+--------+--------+--------+-----+--------+
         Total |  83527 |  74713 |   8814 |      0 |  40152 |  52 | 1606.3 |
       Dungeon |  25917 |  21730 |   4187 |      0 |  11417 |  15 | 1727.8 |
        Temple |     85 |     83 |      2 |      0 |     63 |   1 |   85.0 |
          Lair |   9586 |   8177 |   1409 |      0 |   4665 |   5 | 1917.2 |
         Swamp |   5071 |   4869 |    202 |      0 |   2680 |   4 | 1267.8 |
     Snake Pit |   9312 |   8576 |    736 |      0 |   5772 |   4 | 2328.0 |
  Orcish Mines |   1929 |   1736 |    193 |      0 |   1000 |   2 |  964.5 |
   Elven Halls |   5101 |   4715 |    386 |      0 |   2695 |   3 | 1700.3 |
        Vaults |  10066 |   9099 |    967 |      0 |   4988 |   5 | 2013.2 |
        Depths |   8395 |   7851 |    544 |      0 |   4146 |   4 | 2098.8 |
           Zot |   5253 |   5069 |    184 |      0 |   1801 |   5 | 1050.6 |
      Ice Cave |    418 |    418 |      0 |      0 |      0 |   1 |  418.0 |
        Wizlab |    564 |    564 |      0 |      0 |    217 |   1 |  564.0 |
    Desolation |   1192 |   1192 |      0 |      0 |    512 |   1 | 1192.0 |
      Gauntlet |    633 |    633 |      0 |      0 |    190 |   1 |  633.0 |
               +--------+--------+--------+--------+--------+-----+--------+

Top non-repeatable levels by time:
Depths:2: 2956 daAuts
  Lair:5: 2916 daAuts
Vaults:5: 2816 daAuts
 Snake:3: 2681 daAuts
    D:11: 2638 daAuts
 Snake:2: 2591 daAuts
Depths:3: 2515 daAuts
     D:8: 2387 daAuts
    D:12: 2372 daAuts
    D:14: 2319 daAuts
   Elf:2: 2184 daAuts
 Snake:4: 2134 daAuts
Vaults:2: 2075 daAuts
Vaults:1: 1958 daAuts
 Snake:1: 1904 daAuts
